 Dungeon Crawl Stone Soup version 0.28-a0-1510-gd0f6b136d3 (webtiles) character file.

Game seed: 6292248829038773793

88 croobank the Insei (level 4, -5/29 HPs)
             Began as an Octopode Transmuter on Jan 15, 2022.
             Was a Believer of Fedhas.
             Killed by divine providence
             ... invoked by an orc priest
              (15 damage)
             ... on level 3 of the Dungeon.
             The game lasted 00:06:43 (2047 turns).

croobank the Insei (Octopode Transmuter)            Turns: 2047, Time: 00:06:44

Health: -5/29      AC:  1    Str: 11    XL:     4   Next: 54%
Magic:  4/7        EV: 13    Int: 15    God:    Fedhas [**....]
Gold:   94         SH:  0    Dex: 12    Spells: 2/8 levels left

rFire   . . .      SeeInvis +   a - +0 quarterstaff
rCold   . . .      Faith    .   (shield currently unavailable)
rNeg    . . .      Spirit   .   (helmet restricted)
rPois   .          Reflect  .   (no amulet)
rElec   .          Harm     .   i - ring of see invisible
rCorr   .          Rampage  .   (no ring)
Will    .....                   (no ring)
Stlth   ++........              (no ring)
HPRegen 0.09/turn               (no ring)
MPRegen 0.10/turn               (no ring)
                                (no ring)
                                (no ring)

@: no status effects
A: almost no armour, amphibious, 8 rings, camouflage 1, gelatinous body 1,
(nimble swimmer 1), tentacles
a: Renounce Religion, Wall of Briars


You were on level 3 of the Dungeon.
You worshipped Fedhas.
Fedhas was pleased with you.
You visited 1 branch of the dungeon, and saw 3 of its levels.

You collected 94 gold pieces.

Inventory:

Hand Weapons
 a - a +0 quarterstaff (weapon)
 b - a +0 hunting sling
Missiles
 c - 85 stones
 e - 21 sling bullets
Magical Staves
 f - a staff of cold
Jewellery
 i - a ring of see invisible (left tentacle)
Scrolls
 d - a scroll of blinking {unknown}
 g - a scroll of fear
 j - a scroll of noise {unknown}
 k - a scroll of amnesia {unknown}
Potions
 h - a potion of curing


   Skills:
 + Level 2.0 Fighting
 + Level 2.7 Dodging
 - Level 3.1 Unarmed Combat
 + Level 2.6 Spellcasting
 + Level 2.7 Transmutations
 + Level 1.1 Poison Magic


You had 2 spell levels left.
You knew the following spells:

 Your Spells              Type           Power      Damage    Failure   Level
a - Beastly Appendage     Tmut           20%        N/A       7%          1
b - Wereblood             Tmut           10%        N/A       11%         2
c - Spider Form           Tmut/Pois      7%         N/A       28%         3

Your spell library contained the following spells:

 Spells                   Type           Power      Damage    Failure   Level
 Ice Form                 Ice/Tmut       6%         N/A       75%         4


Dungeon Overview and Level Annotations

Branches:
Dungeon (3/15)

Altars:
Fedhas


Innate Abilities, Weirdness & Mutations

You cannot wear most types of armour.
You are amphibious.
You can wear up to eight rings at the same time.
Your skin changes colour to match your surroundings (Stealth+).
Your rubbery body absorbs attacks. (AC +1, EV +1)
((You are camouflaged when in or above water. (Stealth+)))
You have tentacles for arms and can constrict up to eight enemies at once.


Message History

You hit the orc but do no damage.
The orc looks as sick as possible!
The orc priest calls upon Beogh to heal the orc.
The orc's wounds heal themselves!
The orc barely misses you.
You hit the orc.
The orc looks as sick as possible!
The orc is heavily wounded.
You hit the orc but do no damage.
The orc looks as sick as possible!
The orc is heavily wounded.
You kill the orc!
Fedhas appreciates your contribution to the ecosystem.
You hit the orc wizard.
The orc wizard is moderately wounded.
Your transformation has ended.
Your +0 quarterstaff unmelds from your body.
The orc wizard hits you with a +0 dagger.
You sock the orc wizard! You grab the orc wizard.
The orc wizard is severely wounded.
You constrict the orc wizard, but do no damage.
The orc wizard points at you and mumbles some strange words.
The magic dart hits you.
You hit the orc wizard.
You kill the orc wizard!
Fedhas appreciates your contribution to the ecosystem.
Your Fighting skill increases to level 2!
Your Poison Magic skill increases to level 1!
You hit the orc. Your grab misses the orc.
The orc is heavily wounded.
The orc hits you with a +0 dagger.
You hit the orc.
You kill the orc!
Fedhas appreciates your contribution to the ecosystem.
You hit the orc priest. You grab the orc priest.
The orc priest is moderately wounded.
You constrict the orc priest.
The orc priest mumbles some strange prayers to Beogh against you.
Pain shoots through your body!
The orc priest mumbles some strange prayers to Beogh against you.
Beogh smites you!
Ouch! That really hurt!
You die...
Fedhas appreciates your contribution to the ecosystem.

###...# #.###.. .
##....#### #......
.. #..##....#
#..##### #. #.#
#....# #.# #
.#..###.###....###.
#
...................
#
######..###....>###
##.#######.# ##@#
.# ##o# .# ..# ##.#
... ..# ##


You could see an orc priest.

Vanquished Creatures
  An orc wizard (D:3)
  2 adders
  A worm (D:2)
  A dart slug (D:3)
  3 orcs (D:3)
  3 ball pythons (D:1)
  3 endoplasms
  2 giant cockroaches (D:2)
  4 goblins
  4 hobgoblins
  3 quokkas
  3 bats (D:1)
  2 frilled lizards (D:2)
  2 kobolds
  4 rats
38 creatures vanquished.

Notes
Turn   | Place    | Note
-------+----------+-------------------------------------------
     0 | D:1      | croobank the Octopode Transmuter began the quest for the
                  | Orb.
     0 | D:1      | Reached XP level 1. HP: 13/13 MP: 3/3
   419 | D:1      | Reached XP level 2. HP: 14/18 MP: 5/5
   428 | D:1      | Learned a level 2 spell: Wereblood
   680 | D:1      | Found a faded altar of an unknown god.
   686 | D:1      | Prayed at the altar of an unknown god.
   686 | D:1      | Became a worshipper of Fedhas Madash
   686 | D:1      | Reached * piety under Fedhas
  1507 | D:2      | Reached XP level 3. HP: 23/23 MP: 6/6
  1511 | D:2      | Learned a level 3 spell: Spider Form
  1788 | D:2      | Reached ** piety under Fedhas
  2036 | D:3      | Reached XP level 4. HP: 26/29 MP: 3/7
  2045 | D:3      | Reached skill level 1 in Poison Magic
  2047 | D:3      | Killed from afar by an orc priest

Illustrated notes

Levels and vault maps discovered:
D:1:      lightli_arrival_windingriver, layout_basic,
          shapermc_ecumenical_altar_acropolis
D:2:      layout_basic
D:3:      layout_rooms, regret_index_temple_of_mockery,
          nicolae_dithmenos_through_a_glass_darkly, kennysheep_cross_room,
          minmay_cut_off

Skill      XL: |  1  2  3  4 |
---------------+-------------+-----
Fighting       | 2 |  2.0
Poison Magic   | 1 |  1.1
Dodging        | |  2.7
Unarmed Combat | |  3.1
Spellcasting   | |  2.6
Transmutations | |  2.7

Action                   |  1- 3 |  4- 6 || total
-------------------------+-------+-------++-------
Melee: Unarmed           |    17 |     6 ||    23
       Constrict         |    12 |     2 ||    14
       Tentacles         |     9 |       ||     9
       Quarterstaff      |    54 |     5 ||    59
       Punch             |     3 |       ||     3
 Fire: Hunting sling     |     5 |       ||     5
 Cast: Spider Form       |     1 |       ||     1
  Use: Scroll            |     3 |       ||     3
 Stab: Sleeping          |     7 |       ||     7
Armor: Skin              |     7 |       ||     7
Dodge: Dodged            |    52 |     1 ||    53

Table legend: (Time is in decaauts)
 A = Elapsed time spent in this place.
 B = Non-inter-level travel time spent in this place.
 C = Inter-level travel time spent in this place.
 D = Time resting spent in this place.
 E = Time spent auto-exploring this place.
 F = Levels seen in this place.
 G = Mean time per level.
                   A        B        C        D        E       F      G
               +--------+--------+--------+--------+--------+-----+--------+
         Total |   2062 |   2018 |     44 |      0 |   1638 |   3 |  687.3 |
       Dungeon |   2062 |   2018 |     44 |      0 |   1638 |   3 |  687.3 |
               +--------+--------+--------+--------+--------+-----+--------+

Top non-repeatable levels by time:
     D:1: 1314 daAuts
     D:2: 675 daAuts
     D:3: 72 daAuts
